 Dungeon Crawl Stone Soup version 0.29.1-12-g30fa7ad0bf (webtiles) character file.

Game seed: 5896527872682141817

266574 FexLirch the Brawler (level 18, -2/185 HPs)
             Began as a Troll Fighter on Dec 22, 2022.
             Was a High Priest of Okawaru.
             Shot with an arrow by a deep elf knight (12 damage)
             ... on level 2 of the Elven Halls.
             The game lasted 02:07:22 (32013 turns).

FexLirch the Brawler (Troll Fighter)               Turns: 32013, Time: 02:07:22

Health: -2/185     AC: 20    Str: 29    XL:     18   Next: 88%
Magic:  0/25       EV: 12    Int: 10    God:    Okawaru [*****.]
Gold:   2146       SH: 17    Dex:  9    Spells: 3/17 levels left

rFire   + + .      SeeInvis .     - Unarmed
rCold   + . .      Faith    .   b - +5 kite shield
rNeg    + . .      Spirit   +   j - +6 storm dragon scales of Spite {rElec rN+ Stlth+}
rPois   .          Reflect  .   e - +2 hat
rElec   +          Harm     .   c - scarf {rC+ rF+}
rCorr   +          Rampage  .   (gloves unavailable)
Will    +....                   (boots unavailable)
Stlth   ..........              J - amulet of guardian spirit
HPRegen 0.00/turn               Y - ring of the Holding Gods {rF+ rCorr Stlth+}
MPRegen 0.19/turn               V - +4 ring of evasion

@: mighty, sick, studying Shields
A: large, unfitting armour, claws 3, regeneration 1, shaggy fur 1, tough skin 1
}: 3/15 runes: decaying, abyssal, gossamer
a: Renounce Religion, Heroism, Finesse, Duel


You were on level 2 of the Elven Halls.
You worshipped Okawaru.
Okawaru was extremely pleased with you.
You visited 6 branches of the dungeon, and saw 31 of its levels.
You visited the Abyss 1 time.

You collected 3640 gold pieces.
You spent 1494 gold pieces at shops.

Inventory:

Missiles
 d - 4 silver javelins
 m - 25 poisoned darts
 v - 26 boomerangs
 I - 3 atropa-tipped darts
 P - 2 curare-tipped darts
 S - 14 large rocks (quivered)
Armour
 b - a +5 kite shield (worn)
 c - a scarf of resistance (worn)
 e - a +2 hat (worn)
 f - a scarf of repulsion
 j - the +6 storm dragon scales of Spite (worn) {rElec rN+ Stlth+}
   (Okawaru gifted it to you on level 1 of the Swamp)

   rElec:     It insulates you from electricity.
   rN:        It protects you from negative energy.
   Stlth:     It makes you more stealthy.
 l - a +1 robe of the Archmagi
 w - the +2 robe "Yhewn" {rC++ Int+4}
   (Okawaru gifted it to you on level 2 of the Lair of Beasts)

   Int:       It affects your intelligence (+4).
   rC:        It greatly protects you from cold.
 L - a +2 cloak of preservation
 N - the +1 animal skin "Weggen" {Fly rElec rN+++ MP-9}
   (Okawaru gifted it to you on level 3 of the Spider Nest)

   rElec:     It insulates you from electricity.
   rN:        It renders you almost immune to negative energy.
   MP:        It affects your magic capacity (-9).
   Fly:       It grants you flight.
 T - the +0 kite shield of Bitterness {rC+ rN+ Int-5 Dex+4}
   (Okawaru gifted it to you on level 4 of the Swamp)

   Int:       It affects your intelligence (-5).
   Dex:       It affects your dexterity (+4).
   rC:        It protects you from cold.
   rN:        It protects you from negative energy.
Jewellery
 p - a ring of poison resistance
 y - a ring of protection from fire
 B - a ring of fire
 J - an amulet of guardian spirit (around neck)
 M - an amulet of magic regeneration
 V - a +4 ring of evasion (right claw)
 Y - the ring of the Holding Gods (left claw) {rF+ rCorr Stlth+}
   (You acquired it on level 1 of the Elven Halls)

   [ring of resist corrosion]

   rF:        It protects you from fire.
   rCorr:     It protects you from acid and corrosion.
   Stlth:     It makes you more stealthy.
Wands
 n - a wand of flame (89)
 z - a wand of polymorph (21)
 D - a wand of light (16)
 R - a wand of mindburst (17)
 X - a wand of digging (3)
Scrolls
 h - 4 scrolls of poison
 i - 6 scrolls of immolation
 k - a scroll of torment
 r - a scroll of silence
 s - 3 scrolls of noise
 u - 3 scrolls of fear
 F - 8 scrolls of vulnerability
 W - 2 scrolls of magic mapping
 Z - 3 scrolls of teleportation
Potions
 a - 3 potions of resistance
 g - 4 potions of curing
 o - 4 potions of cancellation
 q - 8 potions of mutation
 t - 2 potions of lignification
 x - 7 potions of brilliance
 A - 7 potions of flight
 C - a potion of haste
 E - 2 potions of magic
 G - 4 potions of berserk rage
 H - 2 potions of ambrosia
 K - 4 potions of invisibility
 O - 6 potions of attraction


   Skills:
 + Level 13.0 Fighting
 - Level 8.5 Dodging
 + Level 16.3 Shields
 * Level 20.7 Unarmed Combat
 + Level 5.0 Transmutations
 + Level 4.7 Earth Magic
 - Level 11.0 Invocations


You had 3 spell levels left.
You knew the following spells:

 Your Spells              Type           Power      Damage    Failure   Level
a - Statue Form           Tmut/Erth      6%         N/A       100%        6
b - Blade Hands           Tmut           5%         N/A       100%        5
c - Apportation           Tloc           0%         N/A       98%         1
d - Blink                 Tloc           0%         N/A       99%         2

Your spell library contained the following spells:

 Spells                   Type           Power      Damage    Failure   Level
 Sting                    Tmut/Pois      20%        1d4       77%         1
 Foxfire                  Conj/Fire      0%         2x1d4     98%         1
 Necrotise                Necr           0%         1d4       98%         1
 Poisonous Vapours        Pois/Air       0%         N/A       99%         2
 Static Discharge         Conj/Air       0%         3-3/arc   99%         2
 Sublimation of Blood     Necr           0%         N/A       99%         2
 Ignite Poison            Fire/Tmut/Pois 3%         N/A       99%         3
 Conjure Flame            Conj/Fire      0%         6-21      100%        3
 Dazzling Flash           Conj/Hex       0%         N/A       100%        3
 Inner Flame              Hex/Fire       0%         N/A       100%        3
 Mephitic Cloud           Conj/Pois/Air  0%         N/A       100%        3
 Ozocubu's Armour         Ice            0%         N/A       100%        3
 Petrify                  Tmut/Erth      9%         N/A       99%         4
 Corpse Rot               Necr/Pois/Air  0%         N/A       100%        4
 Dispel Undead            Necr           0%         3d6       100%        4
 Flame Wave               Conj/Fire      0%         2d4       100%        4
 Hailstorm                Conj/Ice       0%         3d3       100%        4
 Ice Form                 Ice/Tmut       5%         N/A       100%        4
 Sticky Flame             Conj/Fire      0%         2d3       100%        4
 Agony                    Necr           0%         N/A       100%        5
 Irradiate                Conj/Tmut      2%         3d12      100%        5
 Iskenderun's Battlesphe  Conj           0%         2d6       100%        5
 Manifold Assault         Tloc           0%         N/A       100%        5
 Metabolic Englaciation   Hex/Ice        0%         N/A       100%        5
 Silence                  Hex/Air        0%         N/A       100%        5
 Dispersal                Tloc           0%         N/A       100%        6
 Eringya's Noxious Bog    Tmut/Pois      2%         N/A       100%        6
 Iron Shot                Conj/Erth      2%         9d2       100%        6
 Dragon Form              Tmut           5%         N/A       100%        7
 Ozocubu's Refrigeration  Ice            0%         4d7       100%        7
 Storm Form               Tmut/Air       2%         N/A       100%        7
 Disjunction              Tloc           0%         N/A       100%        8
 Summon Small Mammal      Summ           Unusable   N/A       N/A         1
 Summon Forest            Summ/Tloc      Unusable   N/A       N/A         5
 Simulacrum               Ice/Necr       Unusable   N/A       N/A         6
 Spellforged Servitor     Conj/Summ      Unusable   N/A       N/A         7
 Summon Hydra             Summ           Unusable   N/A       N/A         7

Dungeon Overview and Level Annotations

Branches:
Dungeon (13/15)            Temple (0/1) D:7            Lair (5/5) D:9
  Swamp (4/4) Lair:2       Spider (4/4) Lair:2        Slime (0/5) Lair:5
    Orc (2/2) D:9             Elf (3/3) Orc:2
 Vaults: D:13-14

Altars:
Ashenzari
Dithmenos
Elyvilon
Gozag
Hepliaklqana
Kikubaaqudgha
Makhleb
Okawaru
Qazlal
Ru
Trog
Vehumet
Wu Jian
Xom

Shops:
D:1 [   D:12 [   Orc:1 **(   Orc:2 *:[(*   Elf:2 :

Annotations:
D:12 2 transporters, FrankDuskstone's ghost, novice MeEE
Spider:1 Roxanne
Elf:2 6 runed translucent doors, Xihoome's ghost, veteran MiGl


Innate Abilities, Weirdness & Mutations

You are too large for most types of armour.
You have claws for hands.
Your natural rate of healing is unusually fast.
You are covered in fur. (AC +1)
You have tough skin. (AC +1)


Message History

You assume a fearsome visage.
The +0 hand axe of electrocution is unaffected.
The +5 mace of protection is unaffected.
The deep elf zephyrmancer looks frightened!
The deep elf pyromancer looks frightened!
You block the +5 mace of protection's attack.
The +5 mace of protection hits you but does no damage.
The deep elf pyromancer mumbles some strange words.
The deep elf pyromancer blinks!
The deep elf zephyrmancer casts a spell.
The deep elf zephyrmancer blinks!
You mangle the +5 mace of protection!!
The +5 mace of protection falls from the air.
Okawaru accepts your kill.
You barely miss the +0 hand axe of electrocution.
The deep elf zephyrmancer gestures wildly while chanting.
The deep elf zephyrmancer blinks!
The deep elf pyromancer gestures wildly while chanting.
The deep elf pyromancer blinks!
The +0 hand axe of electrocution hits you.
* * * LOW HITPOINT WARNING * * *
You miss the +0 hand axe of electrocution.
Your surroundings suddenly seem different.
A +0 mace of protection, a deep elf zephyrmancer and a +2 lajatang of flaming come into view.
The +2 lajatang of flaming hits you!
* * * LOW HITPOINT WARNING * * *
The +2 lajatang of flaming burns you.
* * * LOW HITPOINT WARNING * * *
Blink to where?
Press: ? - help, Dir - move target 2 deep elf knights come into view.
A deep elf knight is wielding a +2 short sword of venom.
As you read the scroll of blinking, it crumbles to dust.
The deep elf knight shouts! x2
The deep elf knight unwields a +2 short sword of venom.
It stops dripping with poison.
The deep elf knight wields a +2 longbow of freezing.
It is covered in frost.
The deep elf knight shoots an arrow.
The arrow hits you!
You die...

....... #.#
.......
......##
#.# .###.##
......##
#.# ##
#......#
##'#### #
#......#
#....># #
##...e..
##.>...' .
###e.....
#..).... .
........#
##....... .
.......@#
#........
....(...##
##.......
....^....##
#.......
..........#
##.....#
..........#
#.....#
.......(..#
#######
...e.....##
###....ยง##
##...##


You could see 2 deep elf knights, a deep elf zephyrmancer and 2 dancing weapons.

Vanquished Creatures
  the Lernaean hydra (Swamp:4)
  Zenata (Elf:1)
  A Hell Sentinel (Abyss:3)
  A tentacled starspawn (Abyss:3)
  Donald (Swamp:2)
  A fenstrider witch (Swamp:1)
  5 emperor scorpions (Spider:4)
  2 orc warlords (Orc:2)
  3 deep elf sorcerers
  6 ghost moths
  A ghoul (Swamp:4)
  A broodmother (Spider:2)
  2 entropy weavers
  3 eleionomae
  8 bunyips
  3 spark wasps (Spider:4)
  A blizzard demon (Abyss:3)
  3 deep elf death magi
  A fire dragon (Lair:5)
  Josephine (Swamp:1)
  3 shambling mangroves
  4 boulder beetles
  18 hydras
  2 ghost crabs
  2 radroaches
  6 alligators
  4 death yaks (Lair:5)
  A two-headed ogre (D:9)
  13 dancing weapons
  A tengu warrior (D:12)
  4 orc high priests (Orc:2)
  A thrashing horror (Abyss:3)
  6 deep elf knights
  Sonja (Lair:4)
  11 spriggans
  A wretched star (Abyss:3)
  4 pharaoh ants
  Amaemon (Lair:1)
  A goliath frog (Swamp:2)
  8 bog bodies
  7 steelbarb worms
  8 swamp dragons
  7 deep elf archers
  10 orb spiders
  Pikel (D:9)
  3 spriggan druids
  8 large abominations
  A necromancer (Elf:1)
  A lindwurm (Lair:5)
  15 deep elf pyromancers
  An orc knight (Orc:2)
  12 deep elf zephyrmancers
  3 orc sorcerers (Orc:2)
  17 wolf spiders
  2 will-o-the-wisps
  4 oklob plants
  4 moths of wrath
  2 cyclopes (D:12)
  4 worldbinders
  3 elephants (Lair:2)
  Maurice (D:9)
  7 black mambas
  5 torpor snails
  3 gargoyles
  3 molten gargoyles (Lair:5)
  7 cane toads
  2 orange demons
  A smoke demon (Abyss:3)
  Psyche (D:10)
  3 rime drakes
  The ghost of javelincjr the Magician, a novice DjCj (D:5)
  An unseen horror (D:9)
  9 demonic crawlers
  11 komodo dragons
  An ancient zyme (Abyss:3)
  10 trolls
  3 meliai (Spider:4)
  2 polar bears
  A bloated husk (Swamp:4)
  A meliai (shapeshifter) (Elf:2)
  A raiju (Abyss:3)
  Prince Ribbit (D:9)
  9 tyrant leeches
  18 hornets
  18 blink frogs
  17 tarantellas
  6 dream sheep (Lair:5)
  22 jumping spiders
  4 water elementals
  A shadow (D:9)
  19 culicivoras
  2 air elementals
  7 wraiths
  5 basilisks
  8 wyverns
  A fire elemental (Elf:1)
  6 vampire mosquitoes
  41 yaks
  5 steam dragons
  68 redbacks
  17 swamp worms
  A warg (Orc:2)
  Edmund (D:5)
  18 water moccasins
  An acid dragon (D:9)
  5 hell hounds
  9 swamp drakes
  25 orc warriors
  3 sky beasts
  5 ice beasts
  3 black bears
  9 ogres
  25 wolves
  A small abomination (Abyss:3)
  3 lemures (D:9)
  3 centaurs
  Blork the orc (D:5)
  A kobold brigand (D:6)
  13 bullfrogs
  2 necrophages (Swamp:4)
  4 scorpions
  3 elf zombies (Elf:1)
  4 gnoll sergeants
  10 wights
  An oklob sapling (D:11)
  4 howler monkeys
  3 electric eels
  4 lava snakes (Lair:5)
  5 jellies
  2 quasits (Abyss:3)
  11 orc priests
  4 hounds
  7 iguanas
  A gnoll bouda (D:5)
  Ijyb (D:5)
  15 orc wizards
  28 gnolls
  15 adders
  4 white imps
  3 ufetubi
  2 worms
  3 dart slugs
  58 orcs
  8 endoplasms
  4 giant cockroaches
  A goblin (D:1)
  7 hobgoblins
  4 jackals
  3 quokkas
  16 ball pythons
  7 bats
  8 kobolds
  4 rats
983 creatures vanquished.

Vanquished Creatures (others)
  A deep elf knight (Elf:3)
  A deep elf zephyrmancer (Elf:2)
  2 bloated husks
  A swamp drake (Swamp:1)
  An orc wizard (D:11)
  A gnoll (D:7)
  2 orcs
  5 foxfires
  7 fungi
  31 plants
  2 starspawn tentacles (Abyss:3)
54 creatures vanquished.

Grand Total: 1037 creatures vanquished

Notes
Turn   | Place    | Note
-------+----------+-------------------------------------------
     0 | D:1      | FexLirch the Troll Fighter began the quest for the Orb.
     0 | D:1      | Reached XP level 1. HP: 22/22 MP: 0/0
    73 | D:1      | Reached XP level 2. HP: 29/29 MP: 1/1
    74 | D:1      | Found Womic's Armour Shop.
   513 | D:2      | Reached XP level 3. HP: 36/36 MP: 2/2
   636 | D:2      | Reached skill level 3 in Unarmed Combat
   924 | D:2      | Reached XP level 4. HP: 30/44 MP: 3/3
  1728 | D:4      | Identified the +0 ring mail "Taagem" {rPois Str-3 Dex+8}
  1806 | D:4      | Reached skill level 4 in Unarmed Combat
  1806 | D:4      | Reached XP level 5. HP: 50/53 MP: 4/4
  2131 | D:4      | Reached XP level 6. HP: 61/61 MP: 5/5
  3080 | D:5      | Entered Level 5 of the Dungeon
  3080 | D:5      | Noticed an ice beast
  3085 | D:4      | Killed an ice beast
  3086 | D:4      | Reached skill level 5 in Unarmed Combat
  3128 | D:5      | Reached XP level 7. HP: 37/68 MP: 6/6
  3200 | D:5      | Noticed Edmund
  3208 | D:5      | Killed Edmund
  3235 | D:5      | Noticed Ijyb
  3247 | D:5      | Reached skill level 6 in Unarmed Combat
  3335 | D:5      | Killed Ijyb
  3336 | D:5      | Reached skill level 5 in Shields
  3336 | D:5      | Reached XP level 8. HP: 78/79 MP: 7/7
  3364 | D:5      | Reached skill level 7 in Unarmed Combat
  3376 | D:5      | HP: 1/79 [iguana (12)]
  3555 | D:5      | Found a runed translucent door.
  3618 | D:5      | Noticed Blork the orc
  3626 | D:5      | Killed Blork the orc
  3627 | D:5      | Reached skill level 5 in Fighting
  3771 | D:5      | Noticed javelincjr's ghost (novice DjCj)
  3903 | D:5      | Killed javelincjr's ghost
  3904 | D:5      | Reached skill level 8 in Unarmed Combat
  4216 | D:1      | Bought a +2 hat for 208 gold pieces
  4408 | D:6      | Noticed a troll
  4415 | D:6      | Reached XP level 9. HP: 88/88 MP: 8/8
  4417 | D:6      | Killed a troll
  4442 | D:6      | Reached skill level 9 in Unarmed Combat
  4850 | D:6      | Found a white marble altar of Elyvilon.
  4864 | D:6      | You fall into a shaft and drop 3 floors!
  4898 | D:9      | Noticed a two-headed ogre
  4931 | D:8      | Reached skill level 10 in Unarmed Combat
  5002 | D:8      | Found a broken altar of Ashenzari.
  5357 | D:7      | Found an iron altar of Okawaru.
  5512 | D:7      | Reached XP level 10. HP: 82/100 MP: 9/9
  5672 | D:7      | Found an ornate altar of the Wu Jian Council.
  5771 | D:7      | Found a radiant altar of Vehumet.
  5885 | D:7      | Found an opulent altar of Gozag.
  6020 | D:7      | Became a worshipper of Warmaster Okawaru
  6227 | D:7      | Found a staircase to the Ecumenical Temple.
  6497 | D:8      | Identified the +2 robe of Faryw {rF+}
  6739 | D:8      | Found an ancient bone altar of Kikubaaqudgha.
  6739 | D:8      | Found a burning altar of Makhleb.
  6739 | D:8      | Found a shimmering altar of Xom.
  6740 | D:8      | Found a shadowy altar of Dithmenos.
  6740 | D:8      | Found a stormy altar of Qazlal.
  6844 | D:9      | a two-headed ogre changed into something unseen
  6853 | D:9      | Reached skill level 11 in Unarmed Combat
  6883 | D:9      | Found a staircase to the Orcish Mines.
  6942 | D:9      | Noticed a two-headed ogre
  7015 | D:9      | Noticed Maurice
  7022 | D:9      | Killed Maurice
  7023 | D:9      | Reached skill level 1 in Invocations
  7133 | D:9      | Reached * piety under Okawaru
  7237 | D:9      | Found a staircase to the Lair.
  7383 | D:9      | Noticed Prince Ribbit
  7406 | D:9      | Killed Prince Ribbit
  7550 | D:9      | Noticed Pikel
  7569 | D:9      | Killed Pikel
  7569 | D:9      | Reached ** piety under Okawaru
  7653 | D:9      | Found a sacrificial altar of Ru.
  7834 | D:9      | Noticed a gargoyle
  7842 | D:9      | Killed a gargoyle
  7843 | D:9      | Reached XP level 11. HP: 109/109 MP: 8/12
  7846 | D:9      | Killed a two-headed ogre
  7865 | D:10     | Entered Level 10 of the Dungeon
  8025 | D:10     | Reached skill level 12 in Unarmed Combat
  8044 | D:10     | Noticed Psyche
  8051 | D:10     | Killed Psyche
  8383 | D:10     | Reached *** piety under Okawaru
  8994 | D:11     | Noticed an oklob plant
  9111 | D:11     | Reached **** piety under Okawaru
  9198 | D:11     | Paralysed by a hornet for 2 turns
  9911 | D:12     | Found Dorab's Antique Armour Shop.
  9948 | D:12     | Noticed a tengu warrior
  9955 | D:12     | Killed a tengu warrior
 10024 | D:12     | Found a transporter.
 10024 | D:12     | Noticed a seven-headed hydra
 10024 | D:12     | Noticed FrankDuskstone's ghost (novice MeEE)
 10024 | D:12     | Noticed a catoblepas
 10039 | D:12     | Noticed a catoblepas
 10052 | D:12     | Reached skill level 13 in Unarmed Combat
 10070 | D:12     | Noticed a deep elf pyromancer
 10076 | D:12     | Killed a deep elf pyromancer
 10076 | D:12     | Reached ***** piety under Okawaru
 10139 | D:12     | Reached XP level 12. HP: 111/119 MP: 14/14
 10297 | D:12     | Noticed a boulder beetle
 10297 | D:12     | Noticed a seven-headed hydra
 10502 | D:12     | Found a transporter.
 10570 | D:11     | Got Gummuun's Enchiridion on Poison and Forms
 10884 | Lair:1   | Entered Level 1 of the Lair of Beasts
 10929 | Lair:1   | Reached skill level 5 in Invocations
 10934 | Lair:1   | Identified the +2 robe of the Snake Pit {*Slow rN+++ Will-
                  | SInv} (Okawaru gifted it to you on level 1 of the Lair of
                  | Beasts)
 10934 | Lair:1   | Received a gift from Okawaru
 11229 | Lair:1   | Noticed Amaemon
 11253 | Lair:1   | Killed Amaemon
 11310 | Lair:1   | Reached skill level 14 in Unarmed Combat
 12169 | Lair:2   | Found a staircase to the Swamp.
 12185 | Lair:2   | Reached XP level 13. HP: 59/131 MP: 6/16
 12197 | Lair:2   | Reached skill level 10 in Shields
 12403 | Lair:2   | Identified the +2 robe "Yhewn" {rC++ Int+4} (Okawaru gifted
                  | it to you on level 2 of the Lair of Beasts)
 12403 | Lair:2   | Received a gift from Okawaru
 12872 | Lair:2   | Found a hole to the Spider Nest.
 13301 | Lair:2   | Reached skill level 15 in Unarmed Combat
 14074 | Lair:3   | You fall into a shaft and drop 2 floors!
 14074 | Lair:5   | Entered Level 5 of the Lair of Beasts
 14182 | Lair:4   | Noticed Sonja
 14186 | Lair:4   | Killed Sonja
 15465 | Lair:5   | Identified the +7 war axe "Ogreslayer" {chaos, Will++}
 15749 | Lair:5   | Reached ****** piety under Okawaru
 16029 | Lair:5   | Received a gift from Okawaru
 16037 | Lair:5   | Reached skill level 10 in Fighting
 16140 | Lair:5   | Reached skill level 16 in Unarmed Combat
 16140 | Lair:5   | Reached XP level 14. HP: 109/141 MP: 10/18
 16242 | Lair:5   | Found a large runed translucent door.
 16450 | Lair:5   | Found a staircase to the Slime Pits.
 16616 | Lair:5   | Found a large runed translucent door.
 16733 | Lair:5   | Received a gift from Okawaru
 17176 | Orc:1    | Entered Level 1 of the Orcish Mines
 17197 | Orc:1    | Found Qoci's Magic Scroll Shop.
 17205 | Orc:1    | Bought a scroll of teleportation for 42 gold pieces
 17205 | Orc:1    | Bought a scroll of identify for 28 gold pieces
 17205 | Orc:1    | Bought a scroll of identify for 28 gold pieces
 17205 | Orc:1    | Bought a scroll of identify for 28 gold pieces
 17205 | Orc:1    | Bought 2 scrolls of identify for 56 gold pieces
 17205 | Orc:1    | Bought a scroll of identify for 28 gold pieces
 17207 | Orc:1    | Identified 2 scrolls of acquirement
 17209 | Orc:1    | Acquired a manual of Shields
 17211 | Orc:1    | Acquired 801 gold pieces
 17257 | Orc:1    | Found Nouset's General Store.
 17262 | Orc:1    | Found Tobulo's CLEARANCE SALE!.
 17286 | Orc:1    | Found Detrad's Antique Weapon Boutique.
 17507 | Orc:1    | Bought a potion of heal wounds for 70 gold pieces
 17523 | Orc:2    | Entered Level 2 of the Orcish Mines
 17523 | Orc:2    | Found Wyxabez's Antique Weapon Shop.
 17539 | Orc:2    | Reached skill level 5 in Dodging
 17549 | Orc:2    | Found Ucezoir's General Store.
 17619 | Orc:2    | Found Daoskaw's Antique Armour Boutique.
 17665 | Orc:2    | Noticed an orc warlord
 17696 | Orc:2    | Killed an orc warlord
 17713 | Orc:2    | Found a bloodstained altar of Trog.
 17880 | Orc:2    | Found Gim Akut's General Store.
 17934 | Orc:2    | Bought a scroll of identify for 34 gold pieces
 17934 | Orc:2    | Bought a scroll of identify for 34 gold pieces
 18075 | Orc:2    | Found a staircase to the Elven Halls.
 18077 | Orc:2    | Noticed an orc warlord
 18131 | Orc:2    | Killed an orc warlord
 18296 | Orc:2    | Found Nixu Zun's Book Boutique.
 18343 | Orc:2    | Bought the Disquisition on Venom and the Quarry for 360
                  | gold pieces
 18350 | Orc:2    | Learned a level 6 spell: Statue Form
 18827 | Swamp:1  | Entered Level 1 of the Swamp
 18834 | Swamp:1  | Noticed Josephine
 18957 | Swamp:1  | Noticed a fenstrider witch
 18968 | Swamp:1  | Killed a fenstrider witch
 19119 | Swamp:1  | Killed Josephine
 19119 | Swamp:1  | Received a gift from Okawaru
 19135 | Swamp:1  | Reached skill level 17 in Unarmed Combat
 19397 | Swamp:1  | Identified the +6 storm dragon scales of Spite {rElec rN+
                  | Stlth+} (Okawaru gifted it to you on level 1 of the Swamp)
 19397 | Swamp:1  | Received a gift from Okawaru
 20030 | Swamp:2  | Reached XP level 15. HP: 151/152 MP: 18/20
 20502 | Swamp:2  | Noticed Donald
 20513 | Swamp:2  | Killed Donald
 20884 | Swamp:3  | Found a hazy altar of Hepliaklqana.
 21706 | Swamp:4  | Entered Level 4 of the Swamp
 21907 | Swamp:4  | Identified the +0 kite shield of Bitterness {rC+ rN+ Int-5
                  | Dex+4} (Okawaru gifted it to you on level 4 of the Swamp)
 21907 | Swamp:4  | Received a gift from Okawaru
 22124 | Swamp:4  | Reached skill level 18 in Unarmed Combat
 22739 | Swamp:4  | Reached skill level 10 in Invocations
 22952 | Swamp:4  | Noticed the 27-headed Lernaean hydra
 23085 | Swamp:4  | Killed the 26-headed Lernaean hydra
 23086 | Swamp:4  | Reached XP level 16. HP: 70/163 MP: 5/22
 23384 | Swamp:4  | Received a gift from Okawaru
 23543 | Swamp:4  | Got a decaying rune of Zot
 23696 | Spider:1 | Entered Level 1 of the Spider Nest
 23728 | Spider:1 | Learned a level 5 spell: Blade Hands
 23903 | Spider:1 | Reached XP level 17. HP: 164/172 MP: 23/23
 24143 | Spider:1 | Reached skill level 1 in Transmutations
 24436 | Spider:1 | Noticed Roxanne
 24650 | Spider:2 | You fall into a shaft and drop 1 floor!
 24672 | Spider:3 | Reached skill level 19 in Unarmed Combat
 24689 | Spider:3 | Identified the +1 animal skin "Weggen" {Fly rElec rN+++
                  | MP-9} (Okawaru gifted it to you on level 3 of the Spider
                  | Nest)
 24689 | Spider:3 | Received a gift from Okawaru
 27227 | Spider:3 | Reached skill level 15 in Shields
 27232 | Spider:3 | Received a gift from Okawaru
 27481 | Spider:4 | Entered Level 4 of the Spider Nest
 27625 | Spider:4 | Reached skill level 1 in Earth Magic
 27941 | Spider:4 | Learned a level 1 spell: Apportation
 28008 | Spider:4 | Reached XP level 18. HP: 178/183 MP: 17/25
 28377 | Spider:4 | Got a gossamer rune of Zot
 29051 | Elf:1    | Entered Level 1 of the Elven Halls
 29067 | Elf:1    | Paralysed by an air elemental for 1 turns
 29111 | Elf:1    | Noticed Zenata
 29120 | Elf:1    | Killed Zenata
 29121 | Elf:1    | Reached skill level 20 in Unarmed Combat
 29289 | Elf:1    | Acquired the ring of the Holding Gods {rF+ rCorr Stlth+}
 30344 | Elf:1    | Received a gift from Okawaru
 30639 | Elf:2    | Found a runed translucent gate.
 30640 | Elf:2    | Found a runed translucent gate.
 30640 | Elf:2    | Found a runed translucent gate.
 30728 | Elf:2    | Found a runed translucent gate.
 30728 | Elf:2    | Found a runed translucent gate.
 30728 | Elf:2    | Found a runed translucent gate.
 30734 | Elf:2    | Noticed Xihoome's ghost (veteran MiGl)
 30739 | Elf:2    | Found an iron altar of Okawaru.
 30794 | Elf:2    | Found Wunt's Book Shop.
 30826 | Elf:2    | Bought an Inescapable Atlas for 578 gold pieces
 30829 | Elf:2    | Learned a level 2 spell: Blink
 31082 | Elf:3    | Entered Level 3 of the Elven Halls
 31747 | Elf:3    | Paralysed by an air elemental for 1 turns
 31764 | Abyss:3  | Cast into level 3 of the Abyss (a deep elf sorcerer)
 31918 | Abyss:3  | Noticed a Hell Sentinel
 31949 | Abyss:3  | Killed a Hell Sentinel
 31976 | Abyss:3  | Got an abyssal rune of Zot
 31986 | Abyss:3  | Received a gift from Okawaru
 31990 | Elf:3    | Escaped the Abyss
 31998 | Elf:2    | Reached skill level 5 in Transmutations
 32013 | Elf:2    | Shot with an arrow by a deep elf knight

Illustrated notes

Levels and vault maps discovered:
D:1:      dpeg_arrival_brainrot, layout_rooms, serial_shops, shop,
          interstate_on_off, skrybe_limestone_x
D:2:      wad_lake_hut, layout_loops_ring
D:3:      layout_basic
D:4:      layout_cave_pods, kennysheep_boxes
D:5:      minmay_spotlight, layout_rooms, ebering_ghost_reflecting_pool,
          saegor_snake_ambush, uniq_ijyb, uniq_edmund, uniq_blork_the_orc
D:6:      cheibrodos_barr_body, layout_loops_ring, mainiacjoe_overflow_chevrons
D:7:      minmay_recursive_quarters, layout_basic, nicolae_vehumet_radiance,
          nicolae_gozag_seed_capital, okawaru_trees_1,
          nzn_wu_jian_contemplation, lemuel_temple_firewalk_b
D:8:      layout_basic, mainiacjoe_overflow_surrounded_room,
          grunt_temple_overflow_open
D:9:      layout_loops_ring, nicolae_ru_the_path_less_chosen, erik_lair_dragon,
          orc_0_dummy, hangedman_decor_push, uniq_maurice, uniq_prince_ribbit1,
          uniq_pikel
D:10:     layout_basic, uniq_psyche
D:11:     layout_irregular_city, dk_vineyard_1, introduction_to_nature_1
D:12:     layout_roguey, gammafunk_ghost_berserking_beasts, serial_shops,
          nicolae_shop_trees
D:13:     layout_roguey, ximxim_vaults_locker_room, serial_shops, shop,
          portal_ice_cave_rime
Lair:1:   layout_chaotic_city, chequers_serial_rivers_large_a, uniq_amaemon
Lair:2:   layout_small_grid, skrybe_swamp_entry_bodies,
          spider_nest_entry_funnel_web, enter_volcano_3
Lair:3:   layout_cave_pods
Lair:4:   layout_cave_pods, uniq_sonja
Lair:5:   cheibrodos_lair_end_hotspot, layout_cave_pods,
          minmay_slime_entry_oklob_enclosed
Swamp:1:  layout_basic_swamp, evilmike_swamp_ruin_house_5, swamp_pool4,
          uniq_josephine
Swamp:2:  layout_falls_marsh, nicolae_swamp_treefoil, uniq_donald
Swamp:3:  layout_basic_swamp, lemuel_altar_in_water, swamp_pool1,
          lightli_tree_ring
Swamp:4:  swamp_basic_johnstein, layout_basic_swamp, swamp_pool4, worms_lemuel
Spider:1: layout_cave_pods, uniq_roxanne
Spider:2: layout_chambers, nicolae_spider_spiderdrome
Spider:3: layout_spider_delve, nicolae_spider_baby_got_redback
Spider:4: guppyfry_spider_rune
Orc:1:    layout_caves, serial_shops, shop_coins, shop, shop, shop_statue,
          nicolae_shop_clearance
Orc:2:    grunt_orc_gardens, layout_caves, grunt_orc_garden, grunt_orc_garden,
          grunt_orc_garden, grunt_orc_garden, basic_altar, serial_shops,
          nicolae_shop_crystal, minmay_orc_temple_a
Elf:1:    nicolae_elf_arrival_aired_out, layout_onion_city, evilmike_minifort,
          minmay_elf_necromancy, uniq_zenata
Elf:2:    nicolae_elf_blades_crystal_corner, layout_geoelf_diagonals,
          serial_shops, shop, gammafunk_ghost_fury_of_okawaru,
          hangedman_elven_ridges
Elf:3:    minmay_elf_hall, layout_loops_corners

Skill      XL: |  1  2  3  4  5  6  7  8  9 10 11 12 13 14 15 16 17 18 |
---------------+-------------------------------------------------------+-----
Shields        | 3 4 5 7 8 9 10 12 13 14 15 16 | 16.3
Unarmed Combat | 3 4 5 6 8 10 11 13 14 16 17 18 19 20 | 20.7
Fighting       | 3 4 5 6 7 8 9 10 11 12 13 | 13.0
Dodging        | 4 6 7 8 |  8.5
Invocations    | 2 4 6 7 9 10 11 | 11.0
Transmutations | 3 5 |  5.0
Earth Magic    | 1 4 |  4.7

Action                   |  1- 3 |  4- 6 |  7- 9 | 10-12 | 13-15 | 16-18 || total
-------------------------+-------+-------+-------+-------+-------+-------++-------
Melee: Unarmed           |   120 |   135 |   291 |   758 |  1271 |  1168 ||  3743
Throw: Dart              |       |     3 |     3 |     4 |       |       ||    10
       Large rock        |       |       |       |       |    29 |     3 ||    32
Invok: Heroism           |       |       |       |     2 |    14 |    10 ||    26
       Finesse           |       |       |       |       |    10 |     6 ||    16
Evoke: Wand              |       |       |    13 |     3 |     5 |     6 ||    27
  Use: Scroll            |       |     5 |     6 |     4 |    23 |    14 ||    52
       Potion            |       |     1 |     5 |       |    20 |     7 ||    33
 Stab: Distracted        |       |       |       |       |     1 |     1 ||     2
       Invisible         |       |       |       |       |     7 |     3 ||    10
Armor: Robe              |    53 |    34 |    81 |    82 |    44 |       ||   294
       Troll leather arm |       |       |       |   162 |   148 |       ||   310
       Skin              |       |       |       |       |    23 |       ||    23
       Storm dragon scal |       |       |       |       |   385 |   548 ||   933
Dodge: Dodged            |    38 |    40 |    78 |   176 |   315 |   234 ||   881
Block: Kite shield       |    50 |    53 |   121 |   381 |   791 |   766 ||  2162
